 Dungeon Crawl Stone Soup version 0.17-a0-1504-gb7d9117 (webtiles) character file.

20 CipHuK the Ruffian (level 2, 0/25 HPs)
             Began as a Naga Transmuter on July 7, 2015.
             Slain by a jackal (2 damage)
             ... on level 1 of the Dungeon.
             The game lasted 00:01:59 (1208 turns).

CipHuK the Ruffian (Naga Transmuter)                Turns: 1208, Time: 00:01:59

Health: 0/25       AC:  1    Str: 12    XL:     2   Next: 79%
Magic:  4/5        EV: 10    Int: 13    God:
Gold:   26         SH:  0    Dex: 11    Spells: 1 memorised, 4 levels left

rFire  . . .     SeeInvis +       - Unarmed
rCold  . . .     Clarity  .     b - +0 robe
rNeg   . . .     SustAt   .     (no shield)
rPois  +         Gourm    .     (no helmet)
rElec  .         Spirit   .     (no cloak)
rCorr  .         Warding  .     (no gloves)
rMut   .         Stasis   .     (no barding)
MR     .....                    (no amulet)
Stlth  +.........               (no ring)
                                (no ring)

@: short of breath, appendage (expiring), very slightly contaminated, very slow,
not resistant to hostile enchantments, very unstealthy
A: horns 2, see invisible, deformed body, poison resistance, slowness 2, slow
metabolism 1, spit poison 2, AC +0
a: Spit Poison, End Transformation


You were on level 1 of the Dungeon.
You were not hungry.
You had grown temporary horns.
You visited 1 branch of the dungeon, and saw 1 of its levels.

You collected 26 gold pieces.

Inventory:

Missiles
 a - 12 arrows
Armour
 b - a +0 robe (worn)
Scrolls
 e - 2 scrolls of identify {unknown}
 f - a scroll of immolation {unknown}
Books
 c - a book of Changes

   Spells                             Type                      Level
   a - Beastly Appendage              Transmutation                1
   b - Sticks to Snakes               Transmutation                2
   c - Spider Form                    Transmutation/Poison         3
   d - Ice Form                       Ice/Transmutation            4
   e - Blade Hands                    Transmutation                5
Comestibles
 d - a bread ration


   Skills:
 - Level 1.0 Fighting
 - Level 1.5 Dodging
 + Level 4.0 Unarmed Combat
 - Level 2.0 Spellcasting
 - Level 2.0 Transmutations


You had 4 spell levels left.
You knew the following spells:

 Your Spells              Type           Power        Failure   Level  Hunger
a - Beastly Appendage     Trmt           #.....       12%         1    ##.....


Dungeon Overview and Level Annotations

Branches:
Dungeon (1/15)

Altars:


Innate Abilities, Weirdness & Mutations

You cannot wear boots.
Your serpentine skin is tough (AC +0).
You have supernaturally acute eyesight.
Armour fits poorly on your strangely shaped body.
Your system is resistant to poisons.
You cover ground very slowly.
You have a slow metabolism.
You can spit poison.
You have a pair of horns on your head.


Message History

The jackal bites you but does no damage.
The jackal bites you.
* * * LOW HITPOINT WARNING * * *
The jackal bites you.
* * * LOW HITPOINT WARNING * * *
The jackal barely misses you.
You closely miss the jackal.
The jackal is moderately wounded.
The jackal bites you but does no damage.
The jackal bites you.
* * * LOW HITPOINT WARNING * * *
The jackal closely misses you. The jackal barely misses you.
Unknown command.
Use which ability? (? or * to list)
Press: ? - help, Shift-Dir - straight line, f/p - jackal
Aim: a jackal The splash of poison misses the jackal.
You feel slightly more hungry.
The jackal bites you but does no damage.
The jackal barely misses you. The jackal bites you.
You die...

####### #.........#.....
#..##..#..##'### ##
#.........##.###
#.########...#.....##...#
#........##..#......'...#
#........##......#..#...#
...#........'...###.#..#..>#
..........hh###.###.#..#.##.
..........h@###...........).
h..#.###+####.........#..##.
..............#.##.##.#..##.
... .....###..#.........>...
## ... #..#......#.#..#. .
#..#.#....#.#..#.
#..#.#...........
#......#..#.#..#.
##.#...........#.


You could see 3 jackals.

Vanquished Creatures
  A ball python (D:1)
  4 bats (D:1)
  4 kobolds (D:1)
  A giant cockroach (D:1)
  2 goblins (D:1)
  4 jackals (D:1)
  3 rats (D:1)
19 creatures vanquished.

Notes
Turn   | Place    | Note
--------------------------------------------------------------
     0 | D:1      | CipHuK the Naga Transmuter began the quest for the Orb.
     0 | D:1      | Reached XP level 1. HP: 18/18 MP: 3/3
   487 | D:1      | Reached XP level 2. HP: 25/25 MP: 3/5
  1204 | D:1      | Reached skill level 4 in Unarmed Combat
  1208 | D:1      | Slain by a jackal

Vault maps used:
D:1:      minmay_arrival_four_loops

Action                   || total
-------------------------++-------
Melee: Unarmed           ||    88
 Cast: Beastly Appendage ||     7
 Abil: Spit Poison       ||     2
 Stab: Sleeping          ||     1
